SKY
CALIFORNIA ANGELS @ MONTREAL EXPOS
07/13/2052
 
TOP OF THE 1ST
California Angels batting - Pitching for Montreal Expos : RHP Calvert Dafney
Pitching: RHP Calvert Dafney
Batting: LHB Archer Carol 0-0: Ball
1-0: Ball
2-0: Ground out 6-3 (Groundball, 6, EV 85.0 MPH)
Batting: RHB River Grote 0-0: Ball
1-0: Called Strike
1-1: Foul Ball, location: 9LSF
1-2: Ball
2-2: Strikes out looking
Batting: LHB Skyler Angelillo 0-0: Ball
1-0: Foul Ball, location: 2F
1-1: Ball
2-1: Ball
3-1: Base on Balls
Batting: LHB Adrian Phillips 0-0: Foul Ball, location: 2F
0-1: Called Strike
0-2: Ball
1-2: Strikes out looking
Top of the 1st over - 0 runs, 0 hits, 0 errors, 1 left on base; California 0 - Montreal 0
BOTTOM OF THE 1ST
Montreal Expos batting - Pitching for California Angels : RHP Ralph Mayes
Pitching: RHP Ralph Mayes
Batting: LHB Daryl Henderson 0-0: Ball
1-0: Bunt missed!
1-1: Ball
2-1: Foul Ball, location: 7LSF
2-2: Ball
3-2: Fly out, F8 (Flyball, 8LXD, EV 105.0 MPH)
Batting: RHB Brian Ottman 0-0: Called Strike
0-1: Ball
1-1: Ball
2-1: Foul Ball, location: 3F
2-2: Strikes out looking
Batting: LHB Jimmy Miramontes 0-0: Ball
1-0: Ball
2-0: Ground out 4-3 (Groundball, 4, EV 87.5 MPH)
Bottom of the 1st over - 0 runs, 0 hits, 0 errors, 0 left on base; California 0 - Montreal 0
TOP OF THE 2ND
California Angels batting - Pitching for Montreal Expos : RHP Calvert Dafney
Batting: RHB Luke Storey 0-0: SINGLE (Line Drive, 34D, EV 97.5 MPH)
Batting: SHB Michael Dodson 0-0: Foul Ball, location: 7LSFF
0-1: Ball
1-1: Foul Ball, location: 5F
1-2: Foul Ball, location: 7LSF
1-2: Ball
2-2: SINGLE (Flyball, 4MD, EV 86.9 MPH)
Luke Storey to second
Batting: LHB Sebastian Hines 0-0: Foul Ball, location: 7LDF
0-1: Foul Ball, location: 7LDF
0-2: Ball
1-2: Foul Ball, location: 3F
1-2: Strikes out swinging
Batting: RHB Isaac Keenan 0-0: Ball
1-0: Ball
2-0: Swinging Strike
2-1: Ball
3-1: Foul Ball, location: 2F
3-2: Foul Ball, location: 2F
3-2: Fielders Choice at 2nd, 4-6 (Groundball, 4, EV 78.8 MPH)
Luke Storey to third
Batting: LHB Drury Robinson 0-0: Ball
1-0: Ball
2-0: Fly out, F7 (Line Drive, 78M, EV 93.8 MPH)
Top of the 2nd over - 0 runs, 2 hits, 0 errors, 2 left on base; California 0 - Montreal 0
BOTTOM OF THE 2ND
Montreal Expos batting - Pitching for California Angels : RHP Ralph Mayes
Batting: LHB Valentin Suárez 0-0: Called Strike
0-1: Ball
1-1: Ball
2-1: Foul Ball, location: 2F
2-2: Ground out U3 (Groundball, 3, EV 78.1 MPH)
Batting: RHB Ricky Sytsma 0-0: Ground out 5-3 (Groundball, 5S, EV 87.5 MPH)
Batting: LHB Maverik Tullos 0-0: Fly out, F8 (Line Drive, 8LD, EV 98.8 MPH)
Bottom of the 2nd over - 0 runs, 0 hits, 0 errors, 0 left on base; California 0 - Montreal 0
TOP OF THE 3RD
California Angels batting - Pitching for Montreal Expos : RHP Calvert Dafney
Batting: LHB Archer Carol 0-0: Ball
1-0: Ground out 6-3 (Groundball, 6, EV 89.4 MPH)
Batting: RHB River Grote 0-0: Called Strike
0-1: Ball
1-1: Ball
2-1: Foul Ball, location: 2F
2-2: Ball
3-2: SINGLE (Groundball, 4MD, EV 109.4 MPH)
Batting: LHB Skyler Angelillo 0-0: SINGLE (Line Drive, 56D, EV 98.8 MPH)
River Grote to second
Batting: LHB Adrian Phillips 0-0: DOUBLE (Line Drive, 9LM, EV 108.8 MPH)
River Grote scores
Skyler Angelillo to third
Runner from 3rd tries for Home, SAFE, no throw by RF
Batting: RHB Luke Storey 0-0: Ball
1-0: Fly out, F8 (Flyball, 8LD, EV 84.4 MPH)
Batting: SHB Michael Dodson 0-0: Ball
1-0: 2-RUN HOME RUN (Flyball, 78XD, EV 109.4 MPH), Distance : 439 ft
Batting: LHB Sebastian Hines 0-0: Called Strike
0-1: SINGLE (Groundball, 6D, EV 105.0 MPH)
Batting: RHB Isaac Keenan 0-0: Ball
1-0: Foul Ball, location: 9LSF
1-1: Ball
2-1: SINGLE (Groundball, 34D, EV 98.1 MPH)
Sebastian Hines to second
Runner from 2nd tries for 3rd, SAFE, throw by RF made to third
Batting: LHB Drury Robinson 0-0: Ball
1-0: Swinging Strike
1-1: Swinging Strike
1-2: Strikes out swinging
Top of the 3rd over - 4 runs, 6 hits, 0 errors, 2 left on base; California 4 - Montreal 0
BOTTOM OF THE 3RD
Montreal Expos batting - Pitching for California Angels : RHP Ralph Mayes
Batting: LHB Augustin Urena 0-0: Ball
1-0: Swinging Strike
1-1: Swinging Strike
1-2: Strikes out looking
Batting: RHB Jin-Seo Yun 0-0: Called Strike
0-1: Fly out, F8 (Flyball, 8LM, EV 83.1 MPH)
Batting: LHB Hugo Texido 0-0: Called Strike
0-1: Called Strike
0-2: Foul Ball, location: 7LSF
0-2: Ball
1-2: Ground out 4-3 (Groundball, 4, EV 96.3 MPH)
Bottom of the 3rd over - 0 runs, 0 hits, 0 errors, 0 left on base; California 4 - Montreal 0
TOP OF THE 4TH
California Angels batting - Pitching for Montreal Expos : RHP Calvert Dafney
Batting: LHB Archer Carol 0-0: Ball
1-0: Foul Ball, location: 2F
1-1: Ball
2-1: Ball
3-1: Base on Balls
Batting: RHB River Grote 0-0: Ball
1-0: Called Strike
Archer Carol steals 2nd base
1-1: Foul Ball, location: 7LMF
1-2: Ground out 5-3 (Groundball, 56, EV 103.1 MPH)
Batting: LHB Skyler Angelillo 0-0: Ground out U3 (Groundball, 3L, EV 104.4 MPH)
Archer Carol to third
Pitching: RHP Rob Foyil
Batting: LHB Adrian Phillips 0-0: Ball
1-0: SINGLE (Groundball, 4MD, EV 96.9 MPH)
Archer Carol scores
Batting: RHB Luke Storey 0-0: Ball
1-0: Foul Ball, location: 2RF
1-1: Ball
2-1: Fielders Choice at 2nd, 6-4 (Groundball, 6, EV 108.8 MPH)
Top of the 4th over - 1 run, 1 hit, 0 errors, 1 left on base; California 5 - Montreal 0
BOTTOM OF THE 4TH
Montreal Expos batting - Pitching for California Angels : RHP Ralph Mayes
Batting: LHB Daryl Henderson 0-0: Ball
1-0: Called Strike
1-1: Fly out, F8 (Line Drive, 8RM, EV 85.6 MPH)
Batting: RHB Brian Ottman 0-0: Called Strike
0-1: Foul Ball, location: 25FF
0-2: Ball
1-2: Ground out 6-3 (Groundball, 6, EV 90.6 MPH)
Batting: LHB Jimmy Miramontes 0-0: Ball
1-0: Ground out 3-1 (Groundball, 3D, EV 96.9 MPH)
Bottom of the 4th over - 0 runs, 0 hits, 0 errors, 0 left on base; California 5 - Montreal 0
TOP OF THE 5TH
California Angels batting - Pitching for Montreal Expos : RHP Rob Foyil
Batting: SHB Michael Dodson 0-0: Called Strike
0-1: Foul Ball, location: 7LSF
0-2: Hit by Pitch
Batting: LHB Sebastian Hines 0-0: Called Strike
0-1: Ball
1-1: Ball
2-1: Fly out, F9 (Flyball, 89S, EV 80.6 MPH)
Batting: RHB Isaac Keenan 0-0: Foul Ball, location: 2F
0-1: Called Strike
0-2: Ball
1-2: Ball
2-2: SINGLE (Line Drive, 89M, EV 104.4 MPH)
Michael Dodson to second
Pitching: RHP Matthew Logan
Batting: LHB Drury Robinson 0-0: Foul Ball, location: 7LMF
0-1: Swinging Strike
0-2: Ball
1-2: Strikes out looking
Batting: LHB Archer Carol 0-0: Foul Ball, location: 7LDF
0-1: Ball
1-1: Foul Ball, location: 2F
1-2: Ball
2-2: Ball
3-2: Ground out U3 (Groundball, 34, EV 100.6 MPH)
Top of the 5th over - 0 runs, 1 hit, 0 errors, 2 left on base; California 5 - Montreal 0
BOTTOM OF THE 5TH
Montreal Expos batting - Pitching for California Angels : RHP Ralph Mayes
Batting: LHB Valentin Suárez 0-0: Called Strike
0-1: Swinging Strike
0-2: Strikes out swinging
Batting: RHB Ricky Sytsma 0-0: Ball
1-0: Ball
2-0: Called Strike
2-1: Fly out, F8 (Line Drive, 78M, EV 101.3 MPH)
Batting: LHB Maverik Tullos 0-0: Called Strike
0-1: Foul Ball, location: 3F
0-2: Foul Ball, location: 7LSF
0-2: Ground out 5-3 (Groundball, 56, EV 80.6 MPH)
Bottom of the 5th over - 0 runs, 0 hits, 0 errors, 0 left on base; California 5 - Montreal 0
TOP OF THE 6TH
California Angels batting - Pitching for Montreal Expos : RHP Matthew Logan
Batting: RHB River Grote 0-0: Called Strike
0-1: Foul Ball, location: 9LMF
0-2: Strikes out swinging
Batting: LHB Skyler Angelillo 0-0: Swinging Strike
0-1: Foul Ball, location: 2F
0-2: Strikes out looking
Batting: LHB Adrian Phillips 0-0: Called Strike
0-1: Called Strike
0-2: Hit by Pitch
Batting: RHB Luke Storey 0-0: Foul Ball, location: 9LSF
0-1: Ball
1-1: SINGLE (Flyball, 4MD, EV 90.6 MPH)
Adrian Phillips to second
Batting: SHB Michael Dodson 0-0: Ball
1-0: Foul Ball, location: 3SF
1-1: SINGLE (Groundball, 34D, EV 98.1 MPH)
Adrian Phillips to third
Luke Storey to second
Runner from 3rd tries for Home, SAFE, throw by RF to home
Batting: LHB Sebastian Hines 0-0: Ground out U3 (Groundball, 34, EV 110.0 MPH)
Top of the 6th over - 1 run, 2 hits, 0 errors, 2 left on base; California 6 - Montreal 0
BOTTOM OF THE 6TH
Montreal Expos batting - Pitching for California Angels : RHP Ralph Mayes
Batting: LHB Augustin Urena 0-0: Called Strike
0-1: Foul Ball, location: 2F
0-2: Ball
1-2: Foul Ball, location: 7LSF
1-2: Foul Ball, location: 2F
1-2: Foul Ball, location: 7LSF
1-2: Ball
2-2: Strikes out looking
Batting: RHB Jin-Seo Yun 0-0: Ball
1-0: Called Strike
1-1: Foul Ball, location: 25F
1-2: Ball
2-2: Strikes out looking
Batting: LHB Hugo Texido 0-0: Ball
1-0: Swinging Strike
1-1: Swinging Strike
1-2: Strikes out looking
Bottom of the 6th over - 0 runs, 0 hits, 0 errors, 0 left on base; California 6 - Montreal 0
TOP OF THE 7TH
California Angels batting - Pitching for Montreal Expos : RHP Matthew Logan
Batting: RHB Isaac Keenan 0-0: Foul Ball, location: 5SF
0-1: Foul Ball, location: 2F
0-2: Strikes out swinging
Batting: LHB Drury Robinson 0-0: Fly out, F9 (Line Drive, 9D, EV 88.8 MPH)
Batting: LHB Archer Carol 0-0: Ball
1-0: SINGLE (Line Drive, 4M, EV 96.3 MPH)
Pitching: LHP Chris Romano
Batting: RHB River Grote 0-0: Ball
Archer Carol steals 2nd base (no throw)
1-0: Fly out, F9 (Flyball, 9D, EV 98.1 MPH)
Top of the 7th over - 0 runs, 1 hit, 0 errors, 1 left on base; California 6 - Montreal 0
BOTTOM OF THE 7TH
Montreal Expos batting - Pitching for California Angels : RHP Ralph Mayes
Batting: LHB Daryl Henderson 0-0: DOUBLE (Groundball, 3L, EV 96.3 MPH)
Batting: RHB Brian Ottman 0-0: Ball
1-0: Ball
2-0: Called Strike
2-1: Called Strike
2-2: Fly out, F7 (Flyball, 7, EV 86.9 MPH)
Batting: LHB Jimmy Miramontes 0-0: Ball
1-0: Called Strike
Daryl Henderson steals 3rd base
1-1: Fly out, F9 (Flyball, 89M, EV 82.5 MPH)
Runner from 3rd tags up, SCORES, throw by RF
Batting: LHB Valentin Suárez 0-0: Ball
1-0: Ball
2-0: Called Strike
2-1: Fly out, F7 (Flyball, 78D, EV 103.8 MPH)
Bottom of the 7th over - 1 run, 1 hit, 0 errors, 0 left on base; California 6 - Montreal 1
TOP OF THE 8TH
California Angels batting - Pitching for Montreal Expos : LHP Chris Romano
Batting: LHB Skyler Angelillo 0-0: Called Strike
0-1: Ball
1-1: Called Strike
1-2: Fly out, F5 (Line Drive, 56, EV 75.6 MPH)
Batting: LHB Adrian Phillips 0-0: Called Strike
0-1: Ball
1-1: Foul Ball, location: 3F
1-2: Strikes out swinging
Batting: RHB Luke Storey 0-0: Foul Ball, location: 5FF
0-1: Swinging Strike
0-2: Strikes out swinging
Top of the 8th over - 0 runs, 0 hits, 0 errors, 0 left on base; California 6 - Montreal 1
BOTTOM OF THE 8TH
Montreal Expos batting - Pitching for California Angels : RHP Ralph Mayes
Batting: RHB Ricky Sytsma 0-0: Called Strike
0-1: Foul Ball, location: 5F
0-2: Ball
1-2: Ball
2-2: Foul Ball, location: 7LMFF
2-2: Ball
3-2: Ground out 6-3 (Groundball, 6, EV 88.1 MPH)
Batting: LHB Maverik Tullos 0-0: Ball
1-0: Ball
2-0: Foul Ball, location: 2F
2-1: Foul Ball, location: 2F
2-2: Ball
3-2: Foul Ball, location: 3FF
3-2: Ground out U3 (Groundball, 34S, EV 91.3 MPH)
Batting: LHB Augustin Urena 0-0: Ball
1-0: Ball
2-0: Called Strike
2-1: Ball
3-1: DOUBLE (Flyball, 78XD, EV 107.5 MPH)
Batting: RHB Jin-Seo Yun 0-0: Called Strike
0-1: Foul Ball, location: 3F
0-2: Fly out, F9 (Line Drive, 89M, EV 100.0 MPH)
Bottom of the 8th over - 0 runs, 1 hit, 0 errors, 1 left on base; California 6 - Montreal 1
TOP OF THE 9TH
California Angels batting - Pitching for Montreal Expos : LHP Chris Romano
Batting: SHB Michael Dodson 0-0: Ball
1-0: Foul Ball, location: 2F
1-1: SINGLE (Groundball, P, EV 85.6 MPH) (infield hit)
Batting: LHB Sebastian Hines 0-0: Called Strike
0-1: Swinging Strike
0-2: Fly out, F6 (Line Drive, 6, EV 66.9 MPH)
Batting: RHB Isaac Keenan 0-0: Ball
1-0: Foul Ball, location: 7LDF
1-1: Swinging Strike
1-2: Strikes out looking
Pitching: RHP Justin Adkins
Batting: LHB Drury Robinson 0-0: Ball
1-0: Ball
2-0: Called Strike
Michael Dodson steals 2nd base
2-1: Swinging Strike
2-2: Strikes out looking
Top of the 9th over - 0 runs, 1 hit, 0 errors, 1 left on base; California 6 - Montreal 1
BOTTOM OF THE 9TH
Montreal Expos batting - Pitching for California Angels : RHP Ralph Mayes
Pitching: RHP Curt Peterson
Batting: LHB Hugo Texido 0-0: Fly out, F8 (Flyball, 8RXD, EV 111.3 MPH)
Batting: LHB Daryl Henderson 0-0: Ground out 4-3 (Groundball, 4, EV 88.1 MPH)
Batting: RHB Brian Ottman 0-0: Swinging Strike
0-1: Swinging Strike
0-2: Foul Ball, location: 5F
0-2: Ball
1-2: Strikes out swinging
Bottom of the 9th over - 0 runs, 0 hits, 0 errors, 0 left on base; California 6 - Montreal 1
Sunday, April 28th , 2024 - OOTP Baseball 24.11 Build 85